 Dungeon Crawl Stone Soup version 0.27.0-1-g7a089689b8 (webtiles) character file.

Game seed: 3669415762325108503

1390186 Angani the Portalist (level 27, 232/232 HPs)
             Began as a Palentonga Conjurer on July 30, 2021.
             Was the Champion of Ashenzari.
             Escaped with the Orb
             ... and 3 runes on July 31, 2021!
             The game lasted 07:22:24 (113253 turns).

Angani the Portalist (Palentonga Conjurer)        Turns: 113253, Time: 07:22:25

Health: 232/232    AC: 24    Str: 20    XL:     27
Magic:  37/47      EV:  8    Int: 33    God:    Ashenzari [******]
Gold:   5432       SH:  3    Dex:  7    Spells: 11/67 levels left

rFire    + + +     SeeInvis +   B - +3 Elemental Staff {rElec rF++ rC++ Will++ AC+5, Bglg, Cun} (curse)
rCold    + + +     Faith    .   Q - +0 buckler of Supernal Understanding {Elem, Bglg} (curse)
rNeg     + . .     Spirit   .   u - +2 leather armour "Sublime Foul Odors" {rPois Str+3 Slay+3 Stlth+, Cun, Fort} (curse)
rPois    +         Reflect  .   T - +0 helmet of Ashenzari's Planets {+Blink Will+, Evo, Fort} (curse)
rElec    +         Harm     .   h - scarf of Ashenzari's Black Moon {rC+ rF+, Melee, Elem} (curse)
rCorr    +         Rampage  .   m - +1 pair of gloves "Scepticism of Ashenzari" {archery, Alch, Elem} (curse)
Will     +++++     Clarity  +   A - +3 barding of the Ensconced Boredom {Self, Elem} (curse)
Stlth    +.........             c - amulet of Curses and Power {Will+ Regen+ Str+4 Int-2, Fort, Bglg} (curse)
HPRegen  1.48/turn              e - ring of Ashenzari's Comet {rN+, Self, Comp} (curse)
MPRegen  0.30/turn              r - ring of the Profound Chagrin {rCorr Int+6, Self, Bglg} (curse)

@: studying Fighting
A: large, rugged brown scales 3, see invisible, deformed body, roll 1, armoured
tail, reflexive curl, clumsy 1, inhibited regeneration, inability to read while
threatened
0: Orb of Zot
}: 3/15 runes: decaying, serpentine, slimy
a: Rolling Charge, Renounce Religion, Evoke Blink, Shatter the Chains


You escaped.
You worshipped Ashenzari.
Ashenzari was exalted by your worship.
You visited 12 branches of the dungeon, and saw 57 of its levels.
You also visited: Trove and Ice Cave.

You collected 9464 gold pieces.
You spent 4032 gold pieces at shops.

Inventory:

Hand Weapons
 B - the cursed +3 Elemental Staff (weapon) {rElec rF++ rC++ Will++ AC+5, Bglg, Cun}
   (You acquired it on level 7 of the Dungeon)

   If the wielder is skilled in Evocations, they can discharge powerful blasts
   of elemental energy when striking with it.
   It enhances your fire, ice, earth and air magic.
   AC:        It affects your AC (+5).
   rF:        It greatly protects you from fire.
   rC:        It greatly protects you from cold.
   rElec:     It insulates you from electricity.
   Will:      It greatly increases your willpower.
   It has a curse which improves the following skills: Beguiling: Conjurations,
   Hexes and Translocations.
   Cunning:   Dodging and Stealth.
Missiles
 S - 5 throwing nets
Armour
 h - the cursed scarf of Ashenzari's Black Moon (worn) {rC+ rF+, Melee, Elem}
   (You found it on level 3 of the Elven Halls)

   It has a curse which improves the following skills: Melee Combat: Short
   Blades, Long Blades, Axes, Maces & Flails, Polearms, Staves and Unarmed
   Combat.
   Elements:  Fire Magic, Ice Magic, Air Magic and Earth Magic.
 m - the cursed +1 pair of gloves "Scepticism of Ashenzari" (worn) {archery, Alch, Elem}
   (You found it on level 7 of the Dungeon)

   It has a curse which improves the following skills: Alchemy: Poison Magic and
   Transmutations.
   Elements:  Fire Magic, Ice Magic, Air Magic and Earth Magic.
 u - the cursed +2 leather armour "Sublime Foul Odors" (worn) {rPois Str+3 Slay+3 Stlth+, Cun, Fort}
   (You bought it in a shop on level 4 of the Dungeon)

   Str:       It affects your strength (+3).
   Slay:      It affects your accuracy & damage with ranged weapons and melee
   (+3).
   rPois:     It protects you from poison.
   Stlth:     It makes you more stealthy.
   It has a curse which improves the following skills: Cunning: Dodging and
   Stealth.
   Fortitude: Armour and Shields.
 A - the cursed +3 barding of the Ensconced Boredom (worn) {Self, Elem}
   (You found it on level 5 of the Dungeon)

   It has a curse which improves the following skills: Introspection: Fighting
   and Spellcasting.
   Elements:  Fire Magic, Ice Magic, Air Magic and Earth Magic.
 Q - the cursed +0 buckler of Supernal Understanding (worn) {Elem, Bglg}
   (You found it on level 15 of the Dungeon)

   It has a curse which improves the following skills: Elements: Fire Magic, Ice
   Magic, Air Magic and Earth Magic.
   Beguiling: Conjurations, Hexes and Translocations.
 T - the cursed +0 helmet of Ashenzari's Planets (worn) {+Blink Will+, Evo, Fort}
   (You found it on level 2 of the Swamp)

   +Blink:    It lets you blink.
   Will:      It increases your willpower.
   It has a curse which improves the following skills: Evocations: Evocations.
   Fortitude: Armour and Shields.
Jewellery
 c - the cursed amulet of Curses and Power (around neck) {Will+ Regen+ Str+4 Int-2, Fort, Bglg}
   (You acquired it on level 4 of the Dungeon)

   [amulet of regeneration]

   Str:       It affects your strength (+4).
   Int:       It affects your intelligence (-2).
   Regen:     It increases your rate of health regeneration.
   Will:      It increases your willpower.
   It has a curse which improves the following skills: Fortitude: Armour and
   Shields.
   Beguiling: Conjurations, Hexes and Translocations.
 e - the cursed ring of Ashenzari's Comet (left hand) {rN+, Self, Comp}
   (You found it on level 2 of the Dungeon)

   [ring of positive energy]

   rN:        It protects you from negative energy.
   It has a curse which improves the following skills: Introspection: Fighting
   and Spellcasting.
   Companions: Summonings and Necromancy.
 r - the cursed ring of the Profound Chagrin (right hand) {rCorr Int+6, Self, Bglg}
   (You found it in a treasure trove)

   [ring of intelligence]

   Int:       It affects your intelligence (+6).
   rCorr:     It protects you from acid and corrosion.
   It has a curse which improves the following skills: Introspection: Fighting
   and Spellcasting.
   Beguiling: Conjurations, Hexes and Translocations.
Wands
 f - a wand of digging (27)
 o - a wand of acid (14)
 t - a wand of mindburst (28)
 G - a wand of paralysis (23)
 O - a wand of iceblast (46)
Scrolls
 g - 4 scrolls of silence
 j - 9 scrolls of amnesia
 w - 11 scrolls of enchant weapon
 x - 4 scrolls of fog
 y - 6 scrolls of immolation
 z - 13 scrolls of teleportation
 H - 2 scrolls of magic mapping
 J - 2 scrolls of summoning
 M - 4 scrolls of enchant armour
 P - 3 scrolls of holy word
 U - 5 scrolls of fear
 V - 6 scrolls of blinking
 X - 5 scrolls of torment
Potions
 a - 3 potions of magic
 b - 15 potions of haste
 d - 21 potions of curing
 i - 5 potions of might
 k - 18 potions of heal wounds
 l - 9 potions of attraction
 n - 3 potions of mutation
 p - 9 potions of flight
 q - 9 potions of lignification
 s - 4 potions of resistance
 v - 10 potions of brilliance
 C - 4 potions of berserk rage
 F - 2 potions of invisibility
 L - 2 potions of cancellation
 R - 2 potions of ambrosia
Miscellaneous
 D - a phantom mirror
 I - a condenser vane
 K - a box of beasts
 Y - a tin of tremorstones (2/2)


   Skills:
 - Level 12.6(18.0) Fighting
 - Level 12.0(14.6) Staves
 - Level 3.3(8.4) Armour
 - Level 3.7(7.8) Dodging
 - Level 1.2(3.9) Stealth
 - Level 15.5(20.7) Spellcasting
 - Level 21.6(27) Conjurations
 - Level 10.2(16.9) Hexes
 * Level 23.6(27) Translocations
 + Level 21.2(26.9) Fire Magic


You had 11 spell levels left.
You knew the following spells:

 Your Spells              Type           Power      Damage    Failure   Level
a - Magic Dart            Conj           100%       1d8       0%          1
b - Searing Ray           Conj           100%       3d7       0%          2
c - Fulminant Prism       Conj/Hex       54%        3d23      0%          4
d - Teleport Other        Tloc           100%       N/A       0%          3
e - Gell's Gravitas       Tloc           59%        N/A       0%          3
f - Dispersal             Tloc           59%        N/A       0%          6
g - Orb of Destruction    Conj           59%        9d17      1%          7
h - Iron Shot             Conj/Erth      56%        9d11      1%          6
i - Apportation           Tloc           100%       N/A       0%          1
j - Fire Storm            Conj/Fire      72%        8d18      2%          9
k - Passwall              Tmut/Erth      46%        N/A       1%          2
l - Ignition              Fire           71%        3d19      1%          8
m - Passage of Golubria   Tloc           N/A        N/A       0%          4

Your spell library contained the following spells:

 Spells                   Type           Power      Damage    Failure   Level
 Corona                   Hex            100%       N/A       0%          1
 Foxfire                  Conj/Fire      100%       2x1d9     0%          1
 Shock                    Conj/Air       100%       1d9       0%          1
 Blink                    Tloc           N/A        N/A       0%          2
 Conjure Flame            Conj/Fire      100%       6-21      0%          3
 Dazzling Flash           Conj/Hex       100%       N/A       0%          3
 Portal Projectile        Hex/Tloc       100%       N/A       0%          3
 Stone Arrow              Conj/Erth      100%       3d13      0%          3
 Tukima's Dance           Hex            98%        N/A       0%          3
 Cause Fear               Hex            49%        N/A       0%          4
 Iskenderun's Mystic Bla  Conj/Tloc      100%       2d19      0%          4
 Fireball                 Conj/Fire      72%        3d27      0%          5
 Iskenderun's Battlesphe  Conj           100%       2d15      0%          5
 Manifold Assault         Tloc           100%       N/A       0%          5
 Starburst                Conj/Fire      72%        8x6d19    0%          6
 Animate Skeleton         Necr           74%        N/A       1%          1
 Beastly Appendage        Tmut           74%        N/A       1%          1
 Freeze                   Ice            100%       1d11      1%          1
 Pain                     Necr           100%       1d9       1%          1
 Summon Small Mammal      Summ           100%       N/A       1%          1
 Ensorcelled Hibernation  Hex/Ice        100%       N/A       1%          2
 Sublimation of Blood     Necr           18%        N/A       1%          2
 Wereblood                Tmut           37%        N/A       1%          2
 Ignite Poison            Fire/Tmut/Pois 97%        N/A       1%          3
 Mephitic Cloud           Conj/Pois/Air  98%        N/A       1%          3
 Summon Guardian Golem    Hex/Summ       75%        N/A       1%          3
 Hailstorm                Conj/Ice       100%       3d20      1%          4
 Leda's Liquefaction      Hex/Erth       48%        N/A       1%          4
 Bolt of Magma            Conj/Fire/Erth 74%        4d28      1%          5
 Freezing Cloud           Conj/Ice/Air   61%        6-21      1%          5
 Irradiate                Conj/Tmut      45%        3d29      1%          5
 Lightning Bolt           Conj/Air       56%        1d78      1%          5
 Metabolic Englaciation   Hex/Ice        48%        N/A       1%          5
 Yara's Violent Unravell  Hex/Tmut       37%        3d15      1%          5
 Conjure Ball Lightning   Conj/Air       56%        3x3d20    1%          6
 Invisibility             Hex            49%        N/A       1%          6
 Disjunction              Tloc           59%        N/A       1%          8
 Ozocubu's Armour         Ice            58%        N/A       2%          3
 Swiftness                Air            58%        N/A       2%          3
 Spider Form              Tmut/Pois      18%        N/A       3%          3
 Vampiric Draining        Necr           18%        2d8       3%          3
 Spellforged Servitor     Conj/Summ      45%        N/A       4%          7
 Airstrike                Air            29%        N/A       10%         4
 Discord                  Hex            49%        N/A       10%         8
 Animate Armour           Summ/Erth      100%       N/A       11%         4
 Petrify                  Tmut/Erth      56%        N/A       11%         4
 Summon Lightning Spire   Summ/Air       56%        N/A       11%         4
 Animate Dead             Necr           18%        N/A       12%         4
 Olgreb's Toxic Radiance  Pois           36%        N/A       12%         4
 Lee's Rapid Deconstruct  Erth           29%        3d16*     26%         5
 Borgnjor's Vile Clutch   Necr/Erth      28%        N/A       30%         5
 Agony                    Necr           37%        N/A       34%         5
 Alistair's Intoxication  Tmut/Pois      24%        N/A       34%         5
 Blade Hands              Tmut           18%        N/A       34%         5
 Excruciating Wounds      Necr           18%        N/A       34%         5
 Simulacrum               Ice/Necr       28%        N/A       86%         6
 Statue Form              Tmut/Erth      37%        N/A       86%         6
 Death Channel            Necr           18%        N/A       88%         6
 Eringya's Noxious Bog    Tmut/Pois      18%        N/A       88%         6
 Shadow Creatures         Summ           N/A        N/A       88%         6
 Dragon Form              Tmut           18%        N/A       100%        7
 Ozocubu's Refrigeration  Ice            29%        4d10      100%        7
 Storm Form               Tmut/Air       28%        N/A       100%        7
 Summon Hydra             Summ           18%        N/A       100%        7
 Maxwell's Capacitive Co  Air            29%        ∞         100%        8
 Summon Horrible Things   Summ           18%        N/A       100%        8
 Dragon's Call            Summ           18%        N/A       100%        9
 Polar Vortex             Ice            29%        N/A       100%        9
 Shatter                  Erth           29%        3d24*     100%        9


Dungeon Overview and Level Annotations

Branches:
Dungeon (15/15)            Temple (1/1) D:7            Lair (6/6) D:10
  Swamp (4/4) Lair:2        Snake (4/4) Lair:3        Slime (5/5) Lair:5
    Orc (2/2) D:12            Elf (3/3) Orc:2        Vaults (4/5) D:14
  Crypt (3/3) Vaults:2       Tomb (0/3) Crypt:3      Depths (5/5) D:15
    Zot (5/5) Depths:5      IceCv (visited)

Altars:
Ashenzari
Cheibriados
Dithmenos
Elyvilon
Fedhas
Gozag
Hepliaklqana
Kikubaaqudgha
Makhleb
Nemelex Xobeh
Okawaru
Qazlal
Ru
Sif Muna
Trog
Uskayaw
Vehumet
Wu Jian
Xom
Yredelemnul
Zin
The Shining One
Beogh

Shops:
D:4 [   D:7 :   Orc:1 *   Orc:2 ([(   Elf:1 [   Elf:3 :=:   Snake:3 [
Snake:4 [(::   Depths:1 [   Depths:2 *   Depths:5 *:==

Portals:
Hell: Depths:1 Depths:2 Depths:3 Depths:4 Depths:5
Abyss: Depths:4 Depths:5
Pandemonium: Depths:1 Depths:2 Depths:3 Depths:4
Ziggurat: Depths:1

Annotations:
D:5 3 runed translucent doors, kalagan's ghost, amateur DECj
D:10 3 runed translucent doors, exclusion: 3 doors, NikiYani's ghost, journeyman DEFE
Swamp:3 1 runed translucent door, Ricegish's ghost, adept GnFi
Swamp:4 1 runed translucent door, exclusion: door, Zachydoop's ghost, journeyman DsGl
Elf:2 3 runed translucent doors
Depths:1 36 runed doors, exclusions: 13 doors and 2 downstairs, Gucom's ghost, veteran GnFi; Imio's ghost, adept DgCj; Ubraesch's ghost, adept TrMo; Xutext's ghost, adept DsAK
Depths:2 exclusion: downstairs


Innate Abilities, Weirdness & Mutations

You are completely covered in rugged brown scales. (AC +3, +7% HP)
You have supernaturally acute eyesight. (SInv)
Armour fits poorly on your strangely shaped body.
You can roll at nearby foes to attack.
You have a long armoured tail.
You curl defensively after being hit.
You are clumsy. (Dex -2)
You do not regenerate when monsters are visible.
You sometimes lose the ability to read scrolls when taking damage.


Message History

This square is covered in magical glow.
You feel a surge of power!
You miscast Passwall.
You are very lightly contaminated with residual magic.
Nothing appears to happen.
Unknown command.
Unknown command.
Unknown command.
Casting: Passwall (safe; 1% risk of failure)
Confirm with . or Enter, or press ? or * to list all spells.
Aiming: Passwall (safe; 1% risk of failure)
Press: ? - help, Dir - move target A rock wall.
This square is covered in magical glow.
You feel a surge of power!
You begin to meditate on the wall.
You continue meditating on the rock. x5
You finish merging with the rock.
Your magical contamination has completely faded away.
There is a stone staircase leading up here.
You climb upwards.
There is a stone staircase leading down here.
Casting: Passwall (safe; 1% risk of failure)
Confirm with . or Enter, or press ? or * to list all spells.
Aiming: Passwall (safe; 1% risk of failure)
Press: ? - help, Dir - move target A rock wall.
This square is covered in magical glow.
You feel a surge of power!
You begin to meditate on the wall.
You continue meditating on the rock. x2
You finish merging with the rock.
Casting: Passwall (safe; 1% risk of failure)
Confirm with . or Enter, or press ? or * to list all spells.
Aiming: Passwall (safe; 1% risk of failure)
Press: ? - help, Dir - move target A rock wall.
This square is covered in magical glow.
You feel a surge of power!
You begin to meditate on the wall.
You continue meditating on the rock. x5
You finish merging with the rock.
There is a staircase leading out of the dungeon here.
You have escaped!

#.......##+###'# #.# ###
#####+####.≈#≈.# #.# ..#
####.####.≈≈≈.## #.# ..##
####.####.≈8≈.## #.# ...#
####.####.....## #.#
.#.######.####♣...♣## #.#
.#..#####.####P♣.♣P########.#
###.#####.#####P.P###.......#
#.#####.####P#@#P##.#######
#.#####.#####.♣.###...#
###.#####.#####♣#♣#####.#
..#.#####.#############.#
..#.#####.########....#.#
..#..####.#### #.##.#.#
..##.####.#### #.#..#.#
..##..###.#### #.#.##.#
..###.###.#### #......#


There were no monsters in sight!

Vanquished Creatures
  the Royal Jelly (Slime:5)
  Dissolution (Slime:3)
  4 ancient liches
  2 dread liches (Zot:5)
  2 orbs of fire
  A juggernaut (Depths:2)
  A pandemonium lord (D:15)
  the Lernaean hydra (Swamp:4)
  5 Killer Klowns
  Margery (Depths:5)
  4 caustic shrikes (Depths:2)
  2 curse toes
  5 golden dragons
  A bone dragon (Depths:5)
  Nikola (Elf:3)
  4 electric golems
  A Tzitzimitl (D:5)
  8 tentacled monstrosities
  Rupert (D:13)
  Jorgrun (D:12)
  2 liches
  20 Orb Guardians (Zot:5)
  2 deep elf blademasters
  A titan (Depths:2)
  3 quicksilver dragons (Zot:2)
  Frances (Swamp:2)
  2 deep elf master archers
  9 ancient champions
  3 sphinxes
  5 death cobs
  7 shadow dragons
  12 acid blobs
  An Executioner (D:5)
  Agnes (Snake:3)
  Kirke (D:15)
  A thorn hunter (Swamp:1)
  8 storm dragons
  A revenant (Crypt:3)
  5 tengu reavers
  3 draconian monks
  Donald (Vaults:3)
  8 azure jellies
  Roxanne (Snake:2)
  5 rockslimes (Slime:5)
  4 draconian scorchers
  5 nagarajas
  10 draconian knights
  Louise (Swamp:4)
  An iron dragon (Depths:4)
  7 deep elf sorcerers
  A ghost moth (Zot:5)
  3 orc warlords
  2 fire giants
  9 ghouls
  3 frost giants
  3 draconian shifters
  Aizul (Snake:2)
  4 deep elf elementalists (Elf:3)
  7 vault wardens
  8 draconian stormcallers
  3 curse skulls
  19 ironbound preservers
  4 draconian annihilators
  31 very ugly things
  18 stone giants
  2 reapers
  5 caustic shrike skeletons
  5 spriggan defenders
  5 vampire knights
  4 war gargoyles
  8 quicksilver oozes
  3 deep elf demonologists
  10 green draconians
  10 black draconians
  8 deep elf annihilators
  10 red draconians
  3 yellow draconians
  A dire elephant (Vaults:4)
  4 bunyips
  A spark wasp (Depths:1)
  3 entropy weavers
  5 purple draconians
  10 white draconians
  An eleionoma (shapeshifter) (Vaults:3)
  10 deep elf death magi
  7 eidola
  3 eleionomae
  2 crystal guardians
  12 ettins
  Snorg (D:13)
  A blizzard demon (Depths:4)
  2 green deaths (Swamp:4)
  7 yaktaur captains
  8 fire dragons
  Harold (Orc:1)
  11 great orbs of eyes
  10 ironbound thunderhulks
  8 jiangshi
  A deep elf high priest (Elf:3)
  6 rakshasas
  5 vault guards
  5 boulder beetles
  15 ice dragons
  A quicksilver dragon skeleton (Crypt:3)
  9 salamander tyrants
  8 naga warriors
  2 hell beasts (Depths:4)
  A ghost crab (Swamp:4)
  4 catoblepae
  4 peacekeepers
  A caustic shrike simulacrum (Depths:1)
  16 hydras
  8 ironbound frosthearts
  7 spriggan air magi
  17 centaur warriors
  6 anacondas
  16 dancing weapons
  4 two-headed ogres
  2 hell hogs (Depths:3)
  3 deep troll shamans
  A titan zombie (Depths:3)
  A shock serpent (Snake:1)
  10 tengu warriors
  3 alligators
  10 death yaks
  3 death knights
  7 deep troll earth magi
  8 vampire magi
  6 spriggans
  Urug (D:10)
  6 ironbound beastmasters
  3 soul eaters
  6 spriggan berserkers
  Nergalle (Lair:3)
  4 orc high priests (Orc:2)
  17 naga sharpshooters
  A storm dragon zombie (Depths:1)
  A thrashing horror (Swamp:4)
  4 titan skeletons (Crypt:3)
  12 hell knights (Depths:5)
  5 iron trolls
  38 skeletal warriors
  A deep elf knight (Elf:3)
  A death drake (shapeshifter) (Vaults:3)
  A sixfirhy (D:15)
  9 goliath frogs
  A shadow wraith (Crypt:3)
  A spark wasp zombie (Crypt:1)
  10 salamander mystics
  4 sea snakes (Snake:1)
  65 deep trolls
  7 flayed ghosts
  10 naga ritualists
  An obsidian statue (IceCv)
  4 wizards
  2 spriggan druids
  9 swamp dragons
  10 orc knights
  13 bog bodies
  5 glowing orange brains
  An anaconda zombie (Crypt:2)
  2 infernal demonspawn (Depths:3)
  17 deep elf zephyrmancers
  Pikel (D:4)
  9 ironbound convokers
  6 mana vipers
  5 necromancers
  4 deep elf archers
  11 lindwurms
  6 phantasmal warriors
  18 deep elf pyromancers
  4 harpies (Vaults:3)
  An iron dragon skeleton (Crypt:3)
  8 will-o-the-wisps
  A faun (shapeshifter) (Elf:3)
  3 shining eyes
  4 orc sorcerers
  A cyclops (shapeshifter) (Depths:2)
  A stone giant zombie (Crypt:1)
  3 manticores
  34 salamanders
  10 moths of wrath
  2 cyclopes
  50 ugly things
  An oklob plant (Lair:3)
  19 vault sentinels
  7 elephants
  2 guardian serpents
  Joseph (D:10)
  29 black mambas
  24 naga magi
  2 eyes of devastation
  A stone giant skeleton (Crypt:3)
  17 cane toads
  3 frost giant skeletons
  2 guardian serpents (shapeshifter) (D:15)
  2 fire giant skeletons
  A shock serpent skeleton (Crypt:3)
  2 orange demons (Swamp:4)
  11 yaktaurs
  A gargoyle (D:12)
  A hellion (Depths:3)
  3 rime drakes
  2 dire elephant skeletons (Crypt:3)
  A tormentor (D:5)
  5 unseen horrors
  2 spriggan skeletons
  A spriggan zombie (Depths:1)
  A hellwing (Depths:3)
  A kobold demonologist (D:12)
  An alligator snapping turtle skeleton (Crypt:1)
  7 freezing wraiths
  3 tengu conjurers
  7 entropy weaver simulacra (IceCv)
  4 anaconda simulacra (IceCv)
  An efreet (D:14)
  4 ice devils
  8 komodo dragons
  A pale draconian skeleton (Crypt:1)
  A hydra zombie (Crypt:1)
  A red devil (Depths:3)
  2 death drake zombies
  A polar bear (shapeshifter) (D:13)
  3 meliai (D:13)
  Prince Ribbit (D:7)
  7 trolls
  12 tyrant leeches
  6 hornets
  3 polar bears
  25 blink frogs
  102 slime creatures
  4 dream sheep (Lair:6)
  A jumping spider zombie (Crypt:1)
  2 ettin skeletons (Crypt:3)
  An alligator skeleton (Crypt:3)
  A flying skull (Vaults:2)
  3 shadows (Swamp:4)
  14 redbacks
  6 water elementals (Depths:3)
  2 dire elephant simulacra (IceCv)
  A ynoxinul (Depths:2)
  An air elemental (Elf:3)
  3 fire bats (Depths:3)
  An ice dragon skeleton (Crypt:2)
  5 spriggan simulacra (IceCv)
  7 wraiths
  7 basilisks
  53 yaks
  3 fire elementals
  Eustachio (D:5)
  A wyvern (Lair:1)
  6 vampire mosquitoes
  7 minotaur simulacra (IceCv)
  2 chaos spawn (Depths:5)
  3 harpy simulacra (IceCv)
  3 steam dragons (D:7)
  7 large abominations (Depths:5)
  38 nagas
  3 wargs (D:10)
  16 swamp worms
  An acid dragon (D:11)
  18 water moccasins
  Duvessa (D:5)
  6 swamp drakes
  3 small abominations
  44 orc warriors
  3 sky beasts
  A floating eye (Depths:5)
  4 ettin simulacra (IceCv)
  5 necrophages
  An ice beast (D:7)
  4 alligator simulacra (IceCv)
  15 ogres
  A lindwurm zombie (Crypt:2)
  20 wolves
  5 centaurs
  3 lemures
  A hog skeleton (Crypt:2)
  2 kobold brigands
  2 phantoms
  10 bullfrogs
  7 deep troll simulacra (IceCv)
  A gnoll sergeant (D:13)
  2 scorpions (D:4)
  Dowan (D:5)
  2 earth elementals
  2 water moccasin zombies (D:6)
  A polar bear zombie (Crypt:2)
  A water moccasin skeleton (D:5)
  A lindwurm simulacrum (IceCv)
  10 killer bees (D:8)
  2 raiju zombies
  4 electric eels (Snake:1)
  20 wights
  A troll skeleton (Crypt:3)
  2 howler monkeys
  A polar bear skeleton (Crypt:3)
  3 centaur zombies
  A lava snake (Lair:3)
  2 gnoll shamans (D:6)
  A black bear zombie (Crypt:1)
  A bullfrog skeleton (D:5)
  A human zombie (Crypt:3)
  6 jellies
  43 orc priests
  2 bullfrog zombies
  2 hounds
  A human skeleton (Crypt:3)
  2 iguanas
  Ijyb (D:4)
  18 orc wizards
  An acid dragon zombie (Crypt:3)
  A tengu skeleton (Crypt:3)
  An acid dragon skeleton (Crypt:2)
  An ogre skeleton (Crypt:3)
  2 howler monkey zombies
  14 gnolls
  A howler monkey skeleton (Crypt:3)
  4 adders
  An adder skeleton (D:4)
  4 worms
  3 dart slugs
  112 orcs
  6 ball pythons
  8 bats
  13 endoplasms
  A giant cockroach (D:1)
  3 goblins
  11 hobgoblins
  4 jackals
  17 kobolds
  3 quokkas
  A ball python zombie (Crypt:2)
  5 frilled lizards
  An orc skeleton (Crypt:2)
  4 rats
  A rat skeleton (Crypt:2)
  A rat zombie (Crypt:3)
  A river rat skeleton (Crypt:1)
2181 creatures vanquished.

Vanquished Creatures (collateral kills)
  2 azure jellies (Slime:5)
  A draconian shifter (Zot:2)
  A yellow draconian (Zot:1)
  A spriggan air mage (Depths:2)
  A phantasmal warrior (Crypt:3)
  An eye of devastation (Slime:2)
  5 slime creatures
  A large abomination (Depths:5)
  A small abomination (Depths:5)
  A bat skeleton (Crypt:3)
15 creatures vanquished.

Vanquished Creatures (others)
  2 blizzard demons (IceCv)
  A deep elf zephyrmancer (Elf:1)
  A deep elf pyromancer (Elf:1)
  A black mamba (Lair:5)
  7 humans (D:15)
  A bush (Lair:6)
  225 fire vortices
  16 foxfires
  196 fulminant prisms
  47 fungi
  122 plants
  2 withered plants (Swamp:4)
621 creatures vanquished.

Grand Total: 2817 creatures vanquished

Notes
Turn   | Place    | Note
-------+----------+-------------------------------------------
     0 | D:1      | Angani the Palentonga Conjurer began the quest for the Orb.
     0 | D:1      | Reached XP level 1. HP: 13/13 MP: 3/3
   342 | D:1      | Reached XP level 2. HP: 20/20 MP: 1/5
   410 | D:1      | Learned a level 2 spell: Searing Ray
  1093 | D:1      | Reached XP level 3. HP: 25/25 MP: 2/7
  2140 | D:2      | Reached XP level 4. HP: 32/32 MP: 2/8
  2195 | D:2      | Learned a level 4 spell: Fulminant Prism
  2213 | D:2      | Found a faded altar of an unknown god.
  2651 | D:3      | Noticed a bullfrog
  2655 | D:3      | Killed a bullfrog
  2656 | D:3      | Reached skill level 1 in Hexes
  2656 | D:3      | Reached XP level 5. HP: 36/37 MP: 3/10
  3458 | D:4      | Noticed Ijyb
  3641 | D:4      | Reached XP level 6. HP: 32/43 MP: 1/12
  3916 | D:4      | Found Jung's Antique Armour Shop.
  3963 | D:4      | Noticed Pikel
  4106 | D:4      | Killed Ijyb
  4284 | D:4      | Found a shimmering blue altar of Sif Muna.
  4368 | D:4      | Found a glowing silver altar of Zin.
  4512 | D:4      | Bought a glimmering leather armour for 182 gold pieces
  4512 | D:4      | Identified the +2 leather armour "Ydes" {rPois Str+3 Slay+3
                  | Stlth+} (You bought it in a shop on level 4 of the Dungeon)
  4781 | D:4      | Killed Pikel
  4782 | D:4      | Reached skill level 5 in Hexes
  4782 | D:4      | Gained mutation: You curl defensively after being hit.
                  | [Palentonga growth]
  4782 | D:4      | Reached XP level 7. HP: 27/49 MP: 9/16
  4931 | D:5      | Entered Level 5 of the Dungeon
  5047 | D:5      | Reached XP level 8. HP: 55/55 MP: 5/17
  5395 | D:5      | Found a runed translucent gate.
  5395 | D:5      | Found a runed translucent gate.
  5395 | D:5      | Found a runed translucent gate.
  5396 | D:5      | Noticed kalagan's ghost (amateur DECj)
  5467 | D:5      | Noticed Eustachio
  5631 | D:4      | Identified a scroll of acquirement
  5637 | D:4      | Acquired the amulet "Cyofovim" {Will+ Regen+ Str+4 Int-2}
  5837 | D:5      | Killed Eustachio
  6043 | D:5      | Noticed Duvessa
  6043 | D:5      | Noticed Dowan
  6178 | D:5      | Killed Duvessa
  6190 | D:5      | Killed Dowan
  6393 | D:6      | Reached skill level 5 in Conjurations
  6583 | D:6      | Reached XP level 9. HP: 60/60 MP: 13/21
  7864 | D:6      | Found a glowing golden altar of the Shining One.
  8065 | D:7      | Found Ucoroh's Self-Improvement Boutique.
  8079 | D:7      | Reached skill level 10 in Spellcasting
  8079 | D:7      | Reached skill level 1 in Fighting
  8173 | D:7      | Acquired 754 gold pieces
  8389 | D:7      | Acquired the +3 Elemental Staff {rElec rF++ rC++ Will++
                  | AC+5}
  8390 | D:7      | Found the +3 Elemental Staff {rElec rF++ rC++ Will++ AC+5}
  8432 | D:7      | Noticed Prince Ribbit
  8441 | D:7      | Killed Prince Ribbit
  8442 | D:7      | Reached skill level 5 in Fighting
  8442 | D:7      | Reached XP level 10. HP: 79/79 MP: 24/24
  8473 | D:7      | Found a staircase to the Ecumenical Temple.
  8476 | D:7      | Found an opulent altar of Gozag.
  8481 | Temple   | Entered the Ecumenical Temple
  8758 | Temple   | Became a worshipper of Ashenzari the Shackled
  8799 | D:7      | Found a bloodstained altar of Trog.
  9404 | D:8      | Found a sacrificial altar of Ru.
 10716 | D:9      | Reached * piety under Ashenzari
 10976 | D:9      | Reached skill level 10 in Fighting
 11372 | D:10     | Entered Level 10 of the Dungeon
 11419 | D:10     | Found a basalt altar of Yredelemnul.
 11446 | D:10     | Noticed Joseph
 11457 | D:10     | Killed Joseph
 11461 | D:10     | Noticed a two-headed ogre
 11597 | D:10     | Reached skill level 1 in Armour
 11597 | D:10     | Reached XP level 11. HP: 96/97 MP: 19/25
 11708 | D:10     | Reached ** piety under Ashenzari
 11737 | D:10     | Found a runed translucent gate.
 11737 | D:10     | Found a runed translucent gate.
 11737 | D:10     | Found a runed translucent gate.
 11738 | D:10     | Noticed NikiYani's ghost (journeyman DEFE)
 11739 | D:10     | Found an opulent altar of Gozag.
 11740 | D:10     | Noticed a death knight
 11742 | D:10     | Found a staircase to the Lair.
 11751 | D:10     | Noticed a death drake
 11772 | D:10     | a death drake changed into a komodo dragon
 11776 | D:10     | Noticed Urug
 12111 | D:10     | Killed a two-headed ogre
 12316 | D:10     | Identified the +0 pair of boots of Mur Bozoa {rElec Int+3
                  | Dex+2}
 12633 | D:10     | Killed Urug
 12939 | D:10     | Noticed a mana viper
 13238 | D:10     | Learned a level 3 spell: Teleport Other
 13239 | Lair:1   | Entered Level 1 of the Lair of Beasts
 13319 | Lair:1   | Reached skill level 1 in Translocations
 13325 | Lair:1   | Reached skill level 2 in Translocations
 13361 | Lair:1   | Reached skill level 3 in Translocations
 13589 | Lair:1   | Reached skill level 4 in Translocations
 13728 | Lair:1   | Reached skill level 5 in Translocations
 13741 | Lair:1   | Noticed a death yak
 13881 | Lair:1   | Reached skill level 6 in Translocations
 14039 | Lair:1   | Reached skill level 7 in Translocations
 14093 | Lair:1   | Noticed a death yak
 14095 | Lair:1   | Noticed a death yak
 14103 | Lair:1   | Noticed a death yak
 14105 | Lair:1   | Killed a death yak
 14115 | Lair:1   | Killed a death yak
 14116 | Lair:1   | Reached skill level 8 in Translocations
 14118 | Lair:1   | Killed a death yak
 14118 | Lair:1   | Killed a death yak
 14119 | Lair:1   | Reached XP level 12. HP: 103/103 MP: 8/26
 14446 | Lair:1   | Reached *** piety under Ashenzari
 14478 | Lair:1   | Reached skill level 9 in Translocations
 14844 | Lair:2   | Found a staircase to the Swamp.
 14911 | Lair:2   | Reached skill level 10 in Translocations
 15083 | Lair:2   | Learned a level 3 spell: Gell's Gravitas
 15263 | Lair:2   | Reached **** piety under Ashenzari
 15358 | Lair:2   | Identified the amulet of Fuegof {Faith Rampage MP+9 Dex+5}
 15439 | Lair:2   | Noticed a boulder beetle
 15471 | Lair:2   | Killed a boulder beetle
 15472 | Lair:2   | Reached skill level 11 in Translocations
 16316 | Lair:3   | Reached skill level 12 in Translocations
 16504 | D:10     | Noticed a two-headed ogre
 16616 | D:4      | Bought a cloak for 117 gold pieces
 16869 | Lair:3   | Acquired 1016 gold pieces
 16919 | Lair:3   | Noticed Nergalle
 16933 | Lair:3   | Killed Nergalle
 17177 | Lair:3   | Noticed an eight-headed hydra
 17193 | Lair:3   | Killed an eight-headed hydra
 17290 | Lair:3   | Found a staircase to the Snake Pit.
 17877 | Lair:4   | Reached skill level 13 in Translocations
 17982 | Lair:4   | Reached XP level 13. HP: 106/116 MP: 29/29
 18100 | Lair:4   | Identified the ring of Melee {Fire Contam rPois Str+5 SInv}
 19015 | Lair:5   | Reached skill level 14 in Translocations
 19085 | Lair:5   | Reached ***** piety under Ashenzari
 19093 | Lair:5   | Found a staircase to the Slime Pits.
 19996 | Lair:6   | Entered Level 6 of the Lair of Beasts
 20891 | Lair:6   | Learned a level 6 spell: Dispersal
 20899 | Lair:6   | Learned a level 7 spell: Orb of Destruction
 21200 | Lair:6   | Identified the +5 rapier of Wu Jian's Favour {vorpal, rPois
                  | Str+4 Int+3 Stlth-}
 22403 | Lair:6   | Reached XP level 14. HP: 107/124 MP: 1/30
 22485 | Lair:5   | Reached skill level 10 in Conjurations
 23752 | D:11     | Found a shadowy altar of Dithmenos.
 24092 | D:12     | Found a staircase to the Orcish Mines.
 24259 | D:12     | Noticed Jorgrun
 24266 | D:12     | Killed Jorgrun
 25153 | D:13     | Found the +5 scythe "Finisher" {speed, eviscerate}
 25877 | D:13     | Noticed Snorg
 26123 | D:13     | Killed Snorg
 26441 | D:13     | Noticed Rupert
 26590 | D:13     | Killed Rupert
 26877 | D:14     | Found a gate to the Vaults.
 27617 | D:15     | Entered Level 15 of the Dungeon
 27822 | D:15     | Reached XP level 15. HP: 130/130 MP: 23/31
 27918 | D:15     | Noticed Kirke
 27924 | D:15     | Killed Kirke
 28223 | D:15     | Found a staircase to the Depths.
 29346 | Orc:1    | Entered Level 1 of the Orcish Mines
 29462 | Orc:1    | Found Butoid's Overcharged Wands.
 29522 | Orc:1    | Noticed Harold
 29527 | Orc:1    | Killed Harold
 29908 | Orc:2    | Entered Level 2 of the Orcish Mines
 30410 | Orc:2    | Found Ajamimuz's Antique Weapon Emporium.
 30480 | Orc:2    | Found Witiha's Antique Armour Shoppe.
 31765 | Orc:2    | Found a staircase to the Elven Halls.
 32213 | Orc:2    | Noticed an orc warlord
 32219 | Orc:2    | Killed an orc warlord
 32512 | Orc:2    | Found Furyga's Antique Weapon Emporium.
 32676 | Orc:2    | Reached skill level 10 in Hexes
 32887 | Orc:2    | Found Lialeal's Distillery.
 32953 | Orc:2    | Bought 2 potions of heal wounds for 170 gold pieces
 32953 | Orc:2    | Bought a potion of haste for 170 gold pieces
 32953 | Orc:2    | Bought a potion of heal wounds for 85 gold pieces
 32953 | Orc:2    | Bought a potion of attraction for 51 gold pieces
 32953 | Orc:2    | Bought 2 potions of lignification for 102 gold pieces
 32953 | Orc:2    | Bought a potion of heal wounds for 85 gold pieces
 32953 | Orc:2    | Bought a potion of curing for 51 gold pieces
 32953 | Orc:2    | Bought a potion of curing for 51 gold pieces
 32953 | Orc:2    | Bought a potion of lignification for 51 gold pieces
 32953 | Orc:2    | Bought a potion of brilliance for 68 gold pieces
 32953 | Orc:2    | Bought a potion of lignification for 51 gold pieces
 33586 | Swamp:1  | Entered Level 1 of the Swamp
 34669 | Swamp:1  | Noticed a thorn hunter
 34674 | Swamp:1  | Killed a thorn hunter
 35396 | Swamp:2  | Identified the +0 helmet "Ipsurghent" {+Blink Will+}
 35441 | Swamp:1  | Reached XP level 16. HP: 116/138 MP: 26/35
 35935 | Swamp:2  | Noticed Frances
 35974 | Swamp:2  | Killed Frances
 36676 | Swamp:3  | Noticed Ricegish's ghost (adept GnFi)
 36677 | Swamp:3  | Identified the amulet of Divine Compulsion {Reflect Int+5
                  | SH+5}
 36677 | Swamp:3  | Identified the +5 battleaxe of Megalomania {venom, rC+
                  | Will+ Str+2 Stlth+}
 36683 | Swamp:3  | Found a runed translucent door.
 37081 | Swamp:3  | Identified the +1 hand crossbow of Cionnaby {flame, rPois
                  | rC++ Int+4 SInv}
 37604 | Swamp:4  | Entered Level 4 of the Swamp
 37614 | Swamp:3  | Reached skill level 15 in Translocations
 37724 | Swamp:4  | Noticed Louise
 38132 | Swamp:4  | Found a runed translucent door.
 38133 | Swamp:4  | Noticed Zachydoop's ghost (journeyman DsGl)
 38819 | Swamp:4  | Killed Louise
 39116 | Swamp:4  | Reached skill level 16 in Translocations
 39727 | Swamp:4  | Noticed the 27-headed Lernaean hydra
 40363 | Swamp:4  | Killed the 27-headed Lernaean hydra
 40364 | Swamp:4  | Reached skill level 17 in Translocations
 40364 | Swamp:4  | Reached XP level 17. HP: 144/144 MP: 13/36
 40738 | Swamp:4  | Got a decaying rune of Zot
 40892 | Snake:1  | Entered Level 1 of the Snake Pit
 42275 | Snake:1  | Reached skill level 18 in Translocations
 43660 | Snake:2  | Identified Roxanne's Compendium of Transmutation
 43660 | Snake:2  | Noticed Roxanne
 43702 | Snake:2  | Killed Roxanne
 44181 | Snake:2  | Reached skill level 19 in Translocations
 44305 | Snake:2  | Noticed Aizul
 44313 | Snake:2  | Killed Aizul
 44571 | Snake:2  | Reached ****** piety under Ashenzari
 45594 | Snake:3  | Found Iheag's Armour Shop.
 46384 | Snake:3  | Identified the +8 plate armour of Monotheism {Regen+ rCorr
                  | Str-4}
 46385 | Snake:3  | Noticed Agnes
 46390 | Snake:3  | Killed Agnes
 46397 | Snake:3  | Reached XP level 18. HP: 121/157 MP: 13/39
 46401 | Snake:3  | Reached skill level 20 in Translocations
 47123 | Snake:3  | Found a broken altar of Ashenzari.
 47947 | Snake:4  | Entered Level 4 of the Snake Pit
 48397 | Snake:4  | Found Muptow's Book Emporium.
 48400 | Snake:4  | Found Istac's Book Emporium.
 48400 | Snake:4  | Found Tiymaen's Armour Shoppe.
 48404 | Snake:4  | Reached skill level 1 in Staves
 48519 | Snake:4  | Found Ygummeti's Weapon Shoppe.
 48545 | Snake:4  | Bought a manual of Fighting for 1040 gold pieces
 49408 | Snake:4  | Reached skill level 5 in Staves
 50036 | Snake:4  | Got a serpentine rune of Zot
 50920 | Elf:1    | Entered Level 1 of the Elven Halls
 51156 | Elf:1    | Learned a level 6 spell: Iron Shot
 51630 | Elf:1    | Identified the Volume of Creative Arcane Weapons
 52119 | Elf:1    | Found Qotemu's Antique Armour Boutique.
 52429 | Elf:2    | Found a frozen archway.
 52439 | IceCv    | Entered an ice cave
 53248 | IceCv    | Reached skill level 10 in Staves
 53581 | IceCv    | Identified the +11 morningstar "Biafashouro" {freeze, rElec
                  | rF+ rC+ Int-5}
 53797 | IceCv    | Identified the amulet "Gyxzef" {Reflect rElec Str-4 Dex+8
                  | SH+5 Stlth-}
 53798 | IceCv    | Identified Sif Muna's Handbook of Cold
 53799 | IceCv    | Identified the +2 broad axe "Kagg" {elec, rN++ Int+3 Dex+4}
 54010 | Elf:2    | Reached XP level 19. HP: 146/163 MP: 20/40
 54134 | Elf:2    | Found a runed translucent gate.
 54134 | Elf:2    | Found a runed translucent gate.
 54214 | Elf:2    | Found a runed translucent gate.
 54727 | Elf:3    | Entered Level 3 of the Elven Halls
 55089 | Elf:3    | Identified A Thorough Guide to Magic
 55140 | Elf:3    | Noticed Nikola
 55208 | Elf:3    | HP: 2/163 [Nikola/arc of chain lightning (43)]
 55211 | Elf:3    | Killed Nikola
 55430 | Elf:3    | Acquired the Compendium of Scorching Conjuration
 55541 | Elf:3    | Found Fulijufon's Jewellery Boutique.
 55542 | Elf:3    | Found Bosuch's Book Shoppe.
 55542 | Elf:3    | Found Oviuczei's Book Shoppe.
 55556 | Elf:3    | Bought a book of the Sky for 880 gold pieces
 55560 | Elf:3    | Bought a book of Cantrips for 320 gold pieces
 55562 | Elf:3    | Learned a level 1 spell: Apportation
 55572 | Elf:3    | Learned a level 9 spell: Fire Storm
 55618 | Elf:3    | Reached skill level 1 in Fire Magic
 55678 | Elf:3    | Found the +8 Vampire's Tooth {vamp}
 56646 | Elf:3    | Identified the +7 long sword of Beceer {flame, rElec rC++
                  | rCorr Str-3}
 56646 | Elf:3    | Identified the ring of Xoul Naf {Str+3 Int+6 Dex+4}
 56652 | Elf:3    | Reached skill level 5 in Fire Magic
 57577 | Elf:3    | Identified the Grimoire of the Escort and Confrontation
 57579 | Elf:3    | Identified the +2 helmet "Sinaq" {Rampage Will+ Regen+
                  | Dex-3}
 58416 | Vaults:1 | Entered Level 1 of the Vaults
 60832 | Vaults:1 | Reached XP level 20. HP: 130/171 MP: 32/41
 61293 | Vaults:1 | Reached skill level 10 in Fire Magic
 64758 | Vaults:2 | Found a staircase to the Crypt.
 64767 | Crypt:1  | Entered Level 1 of the Crypt
 66288 | Vaults:3 | Noticed Donald
 66967 | Vaults:3 | Killed Donald
 67577 | Vaults:3 | Reached XP level 21. HP: 177/177 MP: 23/42
 68932 | Vaults:3 | Identified the +5 shortbow of the Shark {freeze, Str+3
                  | Dex+4}
 71575 | Vaults:4 | Reached skill level 15 in Spellcasting
 74291 | Depths:1 | Entered Level 1 of the Depths
 74706 | Depths:1 | Found a huge runed gate.
 74706 | Depths:1 | Found a huge runed gate.
 74712 | Depths:1 | Reached XP level 22. HP: 178/185 MP: 34/45
 74769 | Depths:1 | Found a huge runed gate.
 74771 | Depths:1 | Found a huge runed gate.
 74771 | Depths:1 | Found a huge runed gate.
 74771 | Depths:1 | Found a huge runed gate.
 74771 | Depths:1 | Found a huge runed gate.
 74771 | Depths:1 | Found a huge runed gate.
 74771 | Depths:1 | Found a huge runed gate.
 74772 | Depths:1 | Found a huge runed gate.
 74773 | Depths:1 | Found a huge runed gate.
 74773 | Depths:1 | Found a huge runed gate.
 74774 | Depths:1 | Found a huge runed gate.
 74774 | Depths:1 | Noticed Gucom's ghost (veteran GnFi)
 74775 | Depths:1 | Found a huge runed gate.
 74775 | Depths:1 | Found a huge runed gate.
 74775 | Depths:1 | Found a huge runed gate.
 74780 | Depths:1 | Found a huge runed gate.
 74780 | Depths:1 | Found a huge runed gate.
 74780 | Depths:1 | Found a huge runed gate.
 74781 | Depths:1 | Found a huge runed gate.
 74782 | Depths:1 | Found a huge runed gate.
 74783 | Depths:1 | Found a huge runed gate.
 74783 | Depths:1 | Noticed Ubraesch's ghost (adept TrMo)
 74786 | Depths:1 | Found a huge runed gate.
 74786 | Depths:1 | Found a huge runed gate.
 74786 | Depths:1 | Found a huge runed gate.
 74957 | Depths:1 | Found Carear's Armour Shop.
 74998 | Depths:1 | Found a gateway to a ziggurat.
 75524 | Depths:1 | Found a huge runed gate.
 75524 | Depths:1 | Found a huge runed gate.
 75551 | Depths:1 | Found a huge runed gate.
 75552 | Depths:1 | Found a huge runed gate.
 75552 | Depths:1 | Found a huge runed gate.
 75552 | Depths:1 | Found a huge runed gate.
 75553 | Depths:1 | Found a huge runed gate.
 75554 | Depths:1 | Found a huge runed gate.
 75555 | Depths:1 | Found a huge runed gate.
 75555 | Depths:1 | Noticed Imio's ghost (adept DgCj)
 75555 | Depths:1 | Noticed Xutext's ghost (adept DsAK)
 75591 | Depths:1 | Found a huge runed gate.
 75592 | Depths:1 | Found a huge runed gate.
 75805 | Depths:1 | Reached skill level 15 in Fire Magic
 76153 | Depths:1 | Found a gateway to Hell.
 76399 | Depths:1 | Found a one-way gate leading to the halls of Pandemonium.
 76596 | Depths:1 | Reached skill level 15 in Conjurations
 77196 | Depths:2 | Found a shimmering blue altar of Sif Muna.
 77197 | Depths:2 | Noticed a caustic shrike
 77320 | Depths:2 | Found Voifias's Assorted Antiques.
 77457 | Depths:2 | Bought 2 potions of resistance for 360 gold pieces
 77457 | Depths:2 | Bought a scroll of blinking for 135 gold pieces
 77457 | Depths:2 | Bought a scroll of fear for 63 gold pieces
 78268 | Depths:2 | Found a sparkling altar of Nemelex Xobeh.
 78661 | Depths:2 | Learned a level 2 spell: Passwall
 79299 | Depths:2 | Noticed a caustic shrike
 79359 | Depths:2 | Killed a caustic shrike
 79483 | Depths:2 | Noticed a caustic shrike
 79489 | Depths:2 | Killed a caustic shrike
 79764 | Depths:2 | Killed a caustic shrike
 79904 | Depths:2 | Noticed a caustic shrike
 79906 | Depths:2 | Noticed a juggernaut
 79910 | Depths:2 | Killed a caustic shrike
 80051 | Depths:2 | Killed a juggernaut
 80450 | Depths:2 | Identified the Compendium of the Lizard
 80753 | Depths:3 | Found a hide-covered altar of Uskayaw.
 80753 | Depths:3 | Noticed a caustic shrike
 80753 | Depths:3 | Noticed a caustic shrike
 82405 | Depths:3 | Noticed a caustic shrike
 83210 | Depths:3 | Reached XP level 23. HP: 82/191 MP: 1/46
 84332 | Crypt:1  | Found a basalt altar of Yredelemnul.
 85238 | Crypt:1  | Identified The Foundations of Wizardry
 87437 | Crypt:3  | Entered Level 3 of the Crypt
 88357 | Crypt:3  | Noticed a curse toe
 88599 | Crypt:3  | Found a staircase to the Tomb.
 89657 | Crypt:3  | Killed a curse toe
 89657 | Crypt:3  | Gained mutation: You sometimes lose the ability to read
                  | scrolls when taking damage. [mutagenic glow]
 90312 | Crypt:3  | Identified the ring of Lylow {rPois rF- rC+ rN+ SInv}
 91047 | Crypt:3  | Noticed an ancient lich
 91060 | Crypt:3  | Killed an ancient lich
 92605 | Crypt:3  | Identified the ring "Bumnec" {rN+ Will- Str+6 Int+4 Dex-2}
 92682 | Crypt:3  | Reached XP level 24. HP: 199/199 MP: 28/46
 93515 | Slime:1  | Entered Level 1 of the Pits of Slime
 93899 | Slime:3  | Noticed Dissolution
 93902 | Slime:3  | Killed Dissolution
 94369 | Slime:5  | Entered Level 5 of the Pits of Slime
 94943 | Slime:5  | Noticed the Royal Jelly
 94947 | Slime:5  | Killed the Royal Jelly
 95247 | Slime:5  | Gained mutation: You are clumsy. (Dex -2) [a shining eye]
 95352 | Slime:5  | Gained mutation: You are very clumsy. (Dex -4) [a shining
                  | eye]
 95352 | Slime:5  | Lost mutation: You are very clumsy. (Dex -4) [a shining
                  | eye]
 95706 | Slime:5  | Identified the Compendium of Creative Transmutation
 95707 | Slime:5  | Found the +8 glaive of the Guard {elec, spectral, AC+5}
 95723 | Slime:5  | Identified the +12 spear of Toarooc {freeze, rElec}
 95803 | Slime:5  | Identified the +1 robe of Prudence {rElec Will+ Regen+}
 95825 | Slime:5  | Got a slimy rune of Zot
 97922 | Depths:4 | Learned a level 8 spell: Ignition
 98305 | Depths:4 | Found a portal to a secret trove of treasure.
 98336 | Depths:4 | You paid a toll of 4 potions of resistance to enter a
                  | treasure trove
 98337 | Trove    | Entered a treasure trove
 98348 | Trove    | Identified the amulet "Epo Dadgh" {Reflect rCorr Str-2
                  | Int+3 SH+5}
 98348 | Trove    | Identified the ring "Roiggoecs" {rCorr Int+6}
 99650 | Depths:4 | Found a one-way gate to the infinite horrors of the Abyss.
100299 | Depths:5 | Entered Level 5 of the Depths
100345 | Depths:5 | Found Yxkogg's Jewellery Emporium.
100349 | Depths:5 | Found Gulop's Book Emporium.
100595 | Depths:5 | Found Zeuhag's Assorted Antiques.
100598 | Depths:5 | Found Kumih's Jewellery Emporium.
100709 | Depths:5 | Reached XP level 25. HP: 217/218 MP: 26/47
101033 | Depths:5 | Noticed Margery
102367 | Depths:5 | Killed Margery
102522 | Depths:5 | Found a gate to the Realm of Zot.
102965 | Depths:5 | Found a stormy altar of Qazlal.
103236 | Zot:1    | Entered Level 1 of the Realm of Zot
105057 | Zot:1    | Found the +4 robe of Folly {Brilliance Will-∞ Int+8}
105362 | Zot:3    | Identified the +6 flail "Sonnulio" {vorpal, *Slow rCorr
                  | Dex+5 SInv}
105909 | Zot:3    | Noticed a Killer Klown
105930 | Zot:3    | Killed a Killer Klown
106452 | Zot:2    | Reached skill level 21 in Translocations
107078 | Zot:3    | Reached XP level 26. HP: 225/225 MP: 25/47
107128 | Zot:3    | Noticed an orb of fire
107135 | Zot:3    | Killed an orb of fire
107930 | Zot:2    | Noticed an orb of fire
109106 | Zot:5    | Entered Level 5 of the Realm of Zot
109814 | Zot:5    | Reached skill level 22 in Translocations
110267 | Zot:5    | Learned a level 4 spell: Passage of Golubria
110310 | Zot:5    | Noticed an ancient lich
110312 | Zot:5    | Noticed an ancient lich
110313 | Zot:5    | Killed an ancient lich
110608 | Zot:5    | Noticed an ancient lich
110611 | Zot:5    | Killed an ancient lich
111119 | Zot:5    | Noticed a dread lich
111121 | Zot:5    | Killed a dread lich
111675 | Zot:5    | Reached XP level 27. HP: 232/232 MP: 24/47
111792 | Zot:5    | Noticed an orb of fire
111795 | Zot:5    | Gained mutation: You do not regenerate when monsters are
                  | visible. [an orb of fire]
111797 | Zot:5    | Killed an orb of fire
111832 | Zot:5    | Noticed a dread lich
111836 | Zot:5    | Killed a dread lich
111837 | Zot:5    | Reached skill level 23 in Translocations
111862 | Zot:5    | Noticed an ancient lich
111866 | Zot:5    | Killed an ancient lich
112487 | Zot:5    | Got the Orb of Zot
112815 | D:15     | Noticed Enwuibb the pandemonium lord
112821 | D:15     | Killed Enwuibb the pandemonium lord
113253 | D:$      | Escaped with the Orb!

Illustrated notes

Levels and vault maps discovered:
D:1:      tarquinn_simple_flora_water_d, layout_basic, minmay_crystal_water,
          st_stairs_1, chequers_hall_statues_y
D:2:      layout_loops_cross, shapermc_ecumenical_altar_totnotflames,
          wander_ebering_terrifying_dragon_lair
D:3:      layout_rooms
D:4:      layout_rooms, overflow_temple_1_default, amcnicky_altar_gilded,
          serial_shops, kennysheep_mini_moat, uniq_pikel, uniq_ijyb
D:5:      layout_rooms, gammafunk_ghost_necromancy, uniq_eustachio, uniq_duvessa
D:6:      layout_cave_pools, lemuel_coloured_pillars_altar, minmay_between
D:7:      minmay_evil_eye, layout_rooms, mainiacjoe_overflow_catwalk_spiral,
          minmay_temple_entry_proselytizer, abandoned_shop,
          nicolae_shop_self_help, uniq_prince_ribbit1
D:8:      layout_gridville, nicolae_ru_awakened_eye
D:9:      layout_basic
D:10:     layout_rooms, kennysheep_little_box, erik_lair_orcish_takeover,
          serial_co_window_serial, co_window_paths_a, co_window_paths_b,
          co_window_corner_a, co_window_of_opportunity_a, co_window_paths_b,
          co_window_unsneaky_path_c, co_window_corner_b,
          co_window_unsneaky_path_d, co_window_broadway_a, co_window_4corner_a,
          co_window_paths_d, glass_columns_a, ebering_ghost_gozag, uniq_joseph,
          uniq_urug
D:11:     layout_rooms, grunt_dithmenos_smoke_and_mirrors
D:12:     layout_loops_cross, minmay_orc_entry_temple_small, uniq_jorgrun
D:13:     layout_basic, special_room [special_room_orc], uniq_snorg, uniq_rupert
D:14:     layout_rooms, erik_vaults_1, minmay_misc_feat_x
D:15:     grunt_enter_depths_hoard, layout_long_grid, uniq_kirke
Temple:   regret_index_temple_generic_petals
Lair:1:   layout_gridlike, infiniplex_staircase_pool_2
Lair:2:   layout_chaotic_city, swamp_mist
Lair:3:   layout_gridlike, guppyfry_snake_entry_garden,
          small_statue_intersection, minmay_stone_trees_medium,
          hangedman_lair_unloving_vines, kennysheep_basilisk_garden,
          minmay_lair_oklob_chamber, uniq_nergalle
Lair:4:   layout_cave_pods, st_stairs_11, grunt_megastairs_2
Lair:5:   layout_layer_cave, nicolae_slime_entry_slimehenge, st_stairs_8
Lair:6:   evilmike_catoblepas_cave, layout_loops_ring
Swamp:1:  layout_basic_swamp, evilmike_swamp_ruin_house_4
Swamp:2:  layout_falls_marsh, nicolae_swamp_round_clearing, uniq_frances
Swamp:3:  layout_basic_swamp, ebering_ghost_reflecting_pool,
          evilmike_swamp_ruin_house_2, swamp_pool5, nicolae_swamp_oxbows
Swamp:4:  swamp_vile, layout_basic_swamp, gammafunk_ghost_grave,
          nzn_swamp_dancing_lights, uniq_louise
Snake:1:  layout_onion, serial_bayou, serial_bayou_lagoon_a,
          serial_bayou_pond_b, serial_bayou_pond_b, serial_bayou_pond_a
Snake:2:  layout_cave_shapes, guppyfry_library_mini, uniq_roxanne, uniq_aizul
Snake:3:  cheibrodos_snake_lava_hold, layout_honeycomb, basic_altar,
          serial_bayou_pond_e, grunt_megastairs_5, minmay_shop_star, uniq_agnes
Snake:4:  snake_pit, layout_gridlike, hangedman_snake_thin_pillar_pass,
          minmay_shoptagon
Slime:1:  cheibrodos_slime_lost_civilization_3, layout_caves, basic_altar
Slime:2:  layout_caves, cheibrodos_slime_lost_civilization_4
Slime:3:  layout_caves, uniq_dissolution
Slime:4:  layout_caves
Slime:5
Orc:1:    layout_diamond_mine, nicolae_shop_overcharged_wands, uniq_harold
Orc:2:    pubby_orc_utopia
Elf:1:    eino_elf_arrival_customs, layout_geoelf_octagon, serial_shops,
          nicolae_diamond_shop, minmay_elf_sorcery
Elf:2:    nicolae_elf_blades_splatter_lattice [grunt_blade_entry_basic],
          layout_loops_cross, portal_ice_cave_entry_pillars_2
Elf:3:    grunt_elf_hall_branching, layout_gridlike, minmay_shop_grove,
          roderic_lattice_octagonal_star, uniq_nikola
Vaults:1: ontoclasm_vaults_fault, vaults_dpeg_cross,
          nicolae_vaults_shelves_hall, v_alt_pattern_1, ontoclasm_vaults_bender,
          layout_vaults_quadrants
Vaults:2: vaults_room_semicircle, nicolae_vaults_rhombus_6,
          ontoclasm_vaults_misaligned, nicolae_vaults_puzzle_piece,
          nicolae_vaults_network_square, ontoclasm_vaults_spin,
          minmay_crypt_entry_simple_statues, v_pattern_3,
          vaults_dpeg_encased_lava, ontoclasm_vaults_ring_small,
          grunt_vaults_funnel, vaults_dpeg_spiral, vaults_room_door_hall,
          layout_vaults_omnibox
Vaults:3: vaults_dpeg_doors, ontoclasm_vaults_pinch, v_misc_11, st_eye,
          nicolae_vaults_little_squares_3, nicolae_vaults_mini_display_case,
          v_alt_pattern_2, v_misc_8, ontoclasm_vaults_twist,
          nicolae_vaults_little_squares_5, vaults_mumra_minichess_inversion,
          vaults_dpeg_diagonal, ontoclasm_vaults_chip, layout_vaults_omnicross,
          uniq_donald
Vaults:4: nicolae_vaults_diagonal_hallway_7, v_misc_28, grunt_vaults_swirl,
          nicolae_vaults_gold_heap, vaults_mumra_hex, v_misc_22,
          nicolae_vaults_border_crossing, layout_vaults_chaotic_city
Crypt:1:  layout_regular_city, basic_altar, corner_web_ring,
          minmay_misc_feat_pillars
Crypt:2:  layout_misc_corridors
Crypt:3:  due_elkab, layout_chaotic_city, minivault_25, st_stairs_12
Depths:1: layout_small_grid, enter_ziggurat_f, gammafunk_ghost_door_vault,
          serial_shops, shop, grunt_hell_entry_dis_old,
          grunt_pan_entry_in_and_out, drop_trap, hangedman_decor_lopped,
          grunt_decor_mini_mirrors, minmay_fractal_squares_diagonal_5
Depths:2: minmay_expanding_squares, layout_gridville, rand_demon_pan_entry_7,
          hell_entry, nemelex_xobeh_ov_fountains_minmay, serial_shops,
          nicolae_lakefront_shop, grunt_ministairs_5, st_stairs_2,
          argonaut_fire_from_heaven, minmay_staircase_bubble
Depths:3: regret_index_uskayaw_diablada_macabre, layout_basic, hellmouth_1,
          rand_demon_pan_entry_4, kennysheep_path_1, minmay_misc_feat_columns,
          minmay_staircase_statues, serial_bayou_shore_a, serial_bayou_shore_b
Depths:4: wad_pebble_path, layout_small_grid, pan_entry, grunt_mini_vestibule,
          enter_trove_0, serial_sigils_hangedman_shear,
          hangedman_abyss_entry_splay
Depths:5: evilmike_zot_entry_argh, layout_gridville, hell_entry,
          minmay_room_of_horrors, chequers_decorated_corner,
          roderic_cross_of_infinity, hangedman_abyss_or_decor_stagger,
          ebering_dispersal_statue_hall, minmay_shop_grid_forest,
          grunt_qazlal_clouds, uniq_margery
Zot:1:    layout_misc_corridors
Zot:2:    kennysheep_spiral_hall, layout_cellular_growth
Zot:3:    layout_cathedral_of_symmetry
Zot:4:    layout_cathedral_of_symmetry
Zot:5:    layout_twisted_circle

Skill      XL: |  1  2  3  4  5  6  7  8  9 10 11 12 13 14 15 16 17 18 19 20 21 22 23 24 25 26 27 |
---------------+----------------------------------------------------------------------------------+-----
Conjurations   | 4 5 6 9 13 14 16 18 19 20 21 | 21.6
Spellcasting   | 3 4 6 8 10 12 13 15 | 15.5
Hexes          | 1 3 5 6 7 10 | 10.2
Fighting       | 5 10 12 | 12.6
Dodging        | 2 3 |  3.7
Armour         | 1 3 |  3.3
Translocations | 8 13 14 17 19 20 21 22 23 | 23.6
Staves         | 10 12 | 12.0
Fire Magic     | 9 13 14 16 17 19 20 21 | 21.2
Stealth        | |  1.2

Action                   |  1- 3 |  4- 6 |  7- 9 | 10-12 | 13-15 | 16-18 | 19-21 | 22-24 | 25-27 || total
-------------------------+-------+-------+-------+-------+-------+-------+-------+-------+-------++-------
Melee: Unarmed           |    36 |       |       |       |       |       |       |       |       ||    36
       Tailslap          |     4 |       |     2 |       |     9 |    28 |    19 |    23 |     2 ||    87
       Whip              |       |       |    18 |       |       |       |       |       |       ||    18
       Staff             |       |       |       |     5 |    50 |   157 |    89 |   112 |     5 ||   418
 Cast: Magic Dart        |    85 |    51 |    27 |    62 |    21 |     4 |       |       |     6 ||   256
       Searing Ray       |     2 |    30 |    66 |   103 |   174 |    12 |       |     6 |       ||   393
       Fulminant Prism   |       |       |     9 |   112 |    31 |    19 |    21 |     4 |       ||   196
       Teleport Other    |       |       |       |     7 |    16 |     6 |     1 |       |       ||    30
       Gell's Gravitas   |       |       |       |    12 |   173 |   174 |   171 |    21 |       ||   551
       Orb of Destructio |       |       |       |       |   164 |   384 |   311 |   468 |   148 ||  1475
       Dispersal         |       |       |       |       |     9 |     4 |     2 |    33 |    10 ||    58
       Iron Shot         |       |       |       |       |       |    60 |   261 |   226 |    75 ||   622
       Passwall          |       |       |       |       |       |       |       |    22 |    35 ||    57
       Fire Storm        |       |       |       |       |       |       |       |    98 |   138 ||   236
       Apportation       |       |       |       |       |       |       |       |     2 |     1 ||     3
       Passage of Golubr |       |       |       |       |       |       |       |       |     9 ||     9
Invok: Curse Item        |       |       |       |     7 |     2 |     2 |     1 |     1 |       ||    13
       Shatter the Chain |       |       |       |       |     1 |       |     1 |     1 |       ||     3
Evoke: Wand              |       |     7 |     2 |       |     1 |     6 |       |     2 |    10 ||    28
       Box of beasts     |       |       |       |       |       |       |       |       |     1 ||     1
  Use: Scroll            |       |       |    15 |     3 |     4 |     5 |     2 |     4 |     5 ||    38
       Potion            |       |       |     1 |       |       |       |     1 |     5 |    12 ||    19
 Stab: Sleeping          |       |       |       |       |     2 |       |       |       |       ||     2
Armor: Robe              |    16 |       |       |       |       |       |       |       |       ||    16
       Troll leather arm |       |    11 |       |       |       |       |       |       |       ||    11
       Leather armour    |       |     1 |    73 |   126 |   323 |   365 |   251 |   246 |    71 ||  1456
Dodge: Dodged            |    21 |    22 |    48 |    84 |   199 |   191 |   131 |   119 |    36 ||   851
Block: Buckler           |       |       |       |       |     9 |    62 |    53 |    44 |     9 ||   177
